 Dungeon Crawl Stone Soup version 0.28.0 (webtiles) character file.

Game seed: 15107694769348842380

4676 hikkokomori the Geomancer (level 10, -18/65 HPs)
             Began as a Gargoyle Earth Elementalist on Feb 15, 2022.
             Was a Believer of Vehumet.
             Demolished by a boulder beetle (31 damage)
             ... on level 9 of the Dungeon.
             The game lasted 00:39:13 (10121 turns).

hikkokomori the Geomancer (GrEE)                   Turns: 10121, Time: 00:39:13

Health: -18/65     AC: 14    Str: 13    XL:     10   Next: 44%
Magic:  11/13      EV: 10    Int: 19    God:    Vehumet [**....]
Gold:   154        SH:  0    Dex:  7    Spells: 1/13 levels left

rFire   + . .      SeeInvis +   p - +7 scimitar of Ziucsecoi {venom, Fly rCorr Dex-3 SInv}
rCold   . . .      Faith    .   (no shield)
rNeg    + . .      Spirit   .   l - +0 ring mail
rPois   ∞          Reflect  .   (no helmet)
rElec   +          Harm     .   (no cloak)
rCorr   +          Rampage  .   K - +1 pair of gloves
Will    .....                   (no boots)
Stlth   +.........              (no amulet)
HPRegen 0.20/turn               m - ring of protection from fire
MPRegen 0.13/turn               (no ring)

@: flying
A: sickness immunity, AC +7, negative energy resistance 1, electricity
resistance, torment resistance 1, petrification resistance
a: Renounce Religion


You were on level 9 of the Dungeon.
You worshipped Vehumet.
Vehumet was pleased with you.
You visited 2 branches of the dungeon, and saw 10 of its levels.
You also visited: Bailey.

You collected 345 gold pieces.
You spent 191 gold pieces at shops.

Inventory:

Hand Weapons
 f - a +0 dagger
 i - a +0 falchion
 k - a +0 broad axe
 p - the +7 scimitar of Ziucsecoi (weapon) {venom, Fly rCorr Dex-3 SInv}
   (You found it in a bailey)

   It poisons the flesh of those it strikes.
   Dex:       It affects your dexterity (-3).
   SInv:      It lets you see invisible.
   Fly:       It grants you flight.
   rCorr:     It protects you from acid and corrosion.
 u - a +0 shortbow
 w - the +4 hand axe "Fulyosas" {chaos, rC+ Str+5}
   (You found it on level 8 of the Dungeon)

   Each time it hits an enemy it has a different, random effect.
   Str:       It affects your strength (+5).
   rC:        It protects you from cold.
 F - a +1 morningstar
 G - a +4 war axe of freezing
Missiles
 c - 134 stones
 v - 75 arrows
 y - a throwing net
 L - a curare-tipped dart
Armour
 b - a +0 robe
 j - a +0 chain mail
 l - a +0 ring mail (worn)
 K - a +1 pair of gloves (worn)
Jewellery
 m - a ring of protection from fire (left hand)
 o - a ring of fire
Wands
 s - a wand of flame (20)
 E - a wand of mindburst (9)
 H - a wand of acid (9)
Scrolls
 g - a scroll of immolation
 h - 4 scrolls of teleportation
 n - a scroll of holy word {unknown}
 q - a scroll of enchant armour
 t - 2 scrolls of identify {unknown}
 I - 2 scrolls of fog
 J - a scroll of enchant weapon {unknown}
 N - a scroll of magic mapping
Potions
 a - a potion of degeneration {unknown}
 d - 2 potions of curing {unknown}
 e - 3 potions of invisibility {unknown}
 r - 2 potions of mutation {unknown}
 x - a potion of heal wounds {unknown}
 z - a potion of haste {unknown}
 A - a potion of resistance {unknown}
 B - a potion of might {unknown}
 C - 3 potions of magic {unknown}
 D - 3 potions of flight
 M - a potion of cancellation {unknown}


   Skills:
 - Level 8.7 Fighting
 - Level 0.5 Axes
 - Level 1.5 Dodging
 - Level 2.1 Stealth
 + Level 2.4 Spellcasting
 + Level 7.4 Conjurations
 - Level 4.0 Transmutations
 + Level 4.3 Fire Magic
 + Level 0.4 Air Magic
 - Level 8.8 Earth Magic
 + Level 3.8 Evocations


You had one spell level left.
You knew the following spells:

 Your Spells              Type           Power      Damage    Failure   Level
a - Sandblast             Erth           72%        2d16      1%          1
b - Stone Arrow           Conj/Erth      66%        3d11      3%          3
c - Passwall              Tmut/Erth      21%        N/A       3%          2
d - Shock                 Conj/Air       68%        1d7       7%          1
e - Fireball              Conj/Fire      12%        3d7       65%         5

Your spell library contained the following spells:

 Spells                   Type           Power      Damage    Failure   Level
 Poisonous Vapours        Pois/Air       6%         N/A       45%         2
 Magic Dart               Conj           100%       1d8       1%          1
 Animate Skeleton         Necr           4%         N/A       34%         1
 Pain                     Necr           8%         1d4       34%         1
 Dazzling Flash           Conj/Hex       32%        N/A       24%         3
 Petrify                  Tmut/Erth      26%        N/A       26%         4
 Mephitic Cloud           Conj/Pois/Air  12%        N/A       36%         3
 Call Imp                 Summ           2%         N/A       47%         2
 Iskenderun's Mystic Bla  Conj/Tloc      16%        2d5       61%         4
 Swiftness                Air            4%         N/A       65%         3
 Vampiric Draining        Necr           2%         2d6       71%         3
 Airstrike                Air            2%         N/A       96%         4
 Summon Lightning Spire   Summ/Air       3%         N/A       97%         4
 Starburst                Conj/Fire      12%        6d5       99%         6
 Storm Form               Tmut/Air       5%         N/A       100%        7
 Ignition                 Fire           9%         3d5       100%        8
 Maxwell's Capacitive Co  Air            2%         ∞         100%        8


Dungeon Overview and Level Annotations

Branches:
Dungeon (9/15)             Temple (1/1) D:5             Orc (0/2) D:9
 Bailey (visited)
   Lair: D:8-11

Altars:
Ashenzari
Cheibriados
Dithmenos
Elyvilon
Fedhas
Gozag
Hepliaklqana
Kikubaaqudgha
Makhleb
Nemelex Xobeh
Okawaru
Qazlal
Ru
Sif Muna
Trog
Uskayaw
Vehumet
Wu Jian
Xom
Yredelemnul
Zin
The Shining One

Shops:
D:7 ?   D:8 =


Innate Abilities, Weirdness & Mutations

You are immune to sickness and miasma.
Your stone body is resilient. (AC +7)
You are immune to poison.
You resist negative energy. (rN+)
You are resistant to electric shocks. (rElec)
You are resistant to unholy torment.
You are immune to petrification.


Message History

There is an open door here.
As you open the door, it creaks loudly!
There is an open door here.
You reach down and open the door.
There is an open door here.
You reach down and open the door.
There is an open door here.
There is an open door here.
You reach down and open the door.
There is an open door here.
You reach down and open the door.
There is an open door here.
There is an open door here.
You reach down and open the door.
A boulder beetle comes into view.
The boulder beetle moves out of view.
The boulder beetle curls into a ball and begins rolling!
Casting: Shock (safe; 7% risk of failure)
Confirm with . or Enter, or press ? or * to list all spells.
Okay, then.
Press: ? - help, v - describe, . - travel
Here: a boulder beetle (rolling)
The floor.
Casting: Shock (safe; 7% risk of failure)
Confirm with . or Enter, or press ? or * to list all spells.
You don't know that spell.
The boulder beetle hits you!!!
Ouch! That really hurt!
* * * LOW HITPOINT WARNING * * *
The boulder beetle stops rolling and uncurls.
The boulder beetle completely misses you.
The boulder beetle curls into a ball and begins rolling!
Casting: Shock (safe; 7% risk of failure)
Confirm with . or Enter, or press ? or * to list all spells.
Aiming: Passwall (safe; 3% risk of failure)
Press: ? - help, Dir - move target A rock wall.
You begin to meditate on the wall.
You continue meditating on the rock.
The boulder beetle hits you!!
You die...

#### #...### +...'.#
#..○#°####### ###
#.B@#.#.###
###.#.#...##########
#.#...#...........
#.###.############
###...#.# #...###.#
###.#...# #.#.###
### #.....#


You could see a boulder beetle (rolling).

Vanquished Creatures
  2 orc knights (Bailey)
  An ugly thing (D:8)
  A hornet (D:9)
  A steam dragon (D:6)
  6 orc warriors (Bailey)
  A sky beast (D:6)
  A black bear (D:4)
  2 ogres (D:6)
  A necrophage (D:7)
  2 centaurs
  3 phantoms
  A kobold brigand (D:8)
  A wyvern zombie (D:7)
  A scorpion (D:5)
  5 killer bees
  8 wights
  A centaur zombie (D:9)
  2 bullfrog zombies (D:6)
  A gnoll shaman (D:7)
  6 hounds
  2 bullfrog skeletons (D:5)
  3 orc priests
  4 iguanas
  8 orc wizards
  2 hound skeletons (D:5)
  2 howler monkey zombies
  2 adders
  10 gnolls
  A shadow imp (D:8)
  3 white imps
  2 adder skeletons (D:4)
  3 worms
  2 dart slugs (D:3)
  14 orcs
  4 endoplasms
  3 giant cockroaches
  9 hobgoblins
  4 jackals (D:5)
  A quokka (D:3)
  4 ball pythons (D:2)
  2 bats (D:2)
  4 frilled lizards
  6 goblins
  17 kobolds
  5 rats
164 creatures vanquished.

Vanquished Creatures (others)
  An orc wizard (D:8)
1 creature vanquished.

Grand Total: 165 creatures vanquished

Notes
Turn   | Place    | Note
-------+----------+-------------------------------------------
     0 | D:1      | hikkokomori the Gargoyle Earth Elementalist began the quest
                  | for the Orb.
     0 | D:1      | Reached XP level 1. HP: 10/10 MP: 3/3
    45 | D:1      | You fall into a shaft and drop 1 floor!
   150 | D:2      | Reached skill level 1 in Fighting
   150 | D:2      | Reached XP level 2. HP: 16/16 MP: 1/5
   744 | D:2      | Reached XP level 3. HP: 19/21 MP: 3/6
   854 | D:2      | Found a faded altar of an unknown god.
  1088 | D:3      | Found a white marble altar of Elyvilon.
  1655 | D:3      | Reached skill level 5 in Earth Magic
  1655 | D:3      | Reached XP level 4. HP: 25/27 MP: 3/7
  2044 | D:4      | Reached XP level 5. HP: 23/32 MP: 5/8
  2046 | D:4      | Noticed a black bear
  2059 | D:4      | Killed a black bear
  2179 | D:4      | Reached XP level 6. HP: 38/38 MP: 4/9
  2280 | D:4      | Learned a level 3 spell: Stone Arrow
  2433 | D:4      | Reached skill level 1 in Conjurations
  2827 | D:5      | Entered Level 5 of the Dungeon
  2844 | D:5      | Reached skill level 1 in Transmutations
  2844 | D:5      | Reached XP level 7. HP: 15/44 MP: 6/10
  3094 | D:5      | Reached skill level 5 in Fighting
  3249 | D:5      | Learned a level 2 spell: Passwall
  3453 | D:5      | Found a staircase to the Ecumenical Temple.
  3460 | Temple   | Entered the Ecumenical Temple
  3898 | Temple   | Became a worshipper of Vehumet
  4405 | D:6      | Noticed a steam dragon
  4508 | D:6      | Reached XP level 8. HP: 33/51 MP: 8/11
  5772 | D:7      | Found Obry's Magic Scroll Boutique.
  5777 | D:7      | Bought a scroll of teleportation for 33 gold pieces
  5777 | D:7      | Bought a scroll of magic mapping for 38 gold pieces
  5777 | D:7      | Bought a scroll of enchant armour for 82 gold pieces
  5777 | D:7      | Bought a scroll of fear for 38 gold pieces
  6075 | D:7      | HP: 2/52 [killer bee (2)]
  6473 | D:7      | Reached skill level 5 in Conjurations
  6473 | D:7      | Reached XP level 9. HP: 56/56 MP: 8/12
  7068 | D:7      | Reached * piety under Vehumet
  7068 | D:7      | Offered knowledge of Shock by Vehumet.
  7147 | D:7      | Learned a level 1 spell: Shock
  7153 | D:7      | Learned a level 5 spell: Fireball
  7299 | D:8      | Found Wixybi's Jewellery Shop.
  7475 | D:8      | Found a flagged portal.
  7480 | D:8      | Identified the +4 hand axe "Fulyosas" {chaos, rC+ Str+5}
  7484 | Bailey   | Entered a bailey
  7494 | Bailey   | Noticed an orc knight
  7556 | Bailey   | Reached skill level 1 in Fire Magic
  7729 | Bailey   | Reached skill level 1 in Evocations
  7904 | Bailey   | Killed an orc knight
  8064 | Bailey   | Noticed an orc knight
  8076 | Bailey   | Killed an orc knight
  8077 | Bailey   | Reached XP level 10. HP: 11/64 MP: 13/13
  8372 | Bailey   | Identified the +7 scimitar of Ziucsecoi {venom, Fly rCorr
                  | Dex-3 SInv}
  8570 | D:8      | Noticed a white ugly thing
  8577 | D:8      | Killed a white ugly thing
  9133 | D:8      | Offered knowledge of Poisonous Vapours by Vehumet.
  9544 | D:9      | Found a staircase to the Orcish Mines.
  9570 | D:9      | Reached ** piety under Vehumet
 10114 | D:9      | Noticed a boulder beetle
 10121 | D:9      | Demolished by a boulder beetle

Illustrated notes

Levels and vault maps discovered:
D:1:      amcnicky_arrival_abandoned_market, layout_basic, st_stairs_11,
          hangedman_decor_points
D:2:      layout_basic, nicolae_ecumenical_lake_church, minmay_misc_feat_iff
D:3:      layout_basic, mainiacjoe_overflow_surrounded_room,
          nicolae_elevator_lobby_plus
D:4:      layout_rooms
D:5:      layout_rooms, temple_green
D:6:      layout_loops_corners
D:7:      layout_gridville, serial_shops, shop
D:8:      layout_basic, enter_bailey_2, minmay_shop_enchanted_jewellery,
          mrwooster_statue_mirror, grunt_decor_one_mirror,
          chequers_serial_rivers_micro_e
D:9:      layout_roguey, orc_0_dummy, minmay_evil_grid
Temple:   mainiacjoe_temple_trianglar_array

Skill      XL: |  1  2  3  4  5  6  7  8  9 10 |
---------------+-------------------------------+-----
Fighting       | 1 2 3 4 5 6 8 |  8.7
Earth Magic    | 4 5 6 7 8 |  8.8
Conjurations   | 1 3 5 6 7 |  7.4
Transmutations | 1 2 3 4 |  4.0
Fire Magic     | 3 4 |  4.3
Evocations     | 3 |  3.8
Axes           | |  0.5
Dodging        | |  1.5
Stealth        | |  2.1
Spellcasting   | |  2.4
Air Magic      | |  0.4

Action                   |  1- 3 |  4- 6 |  7- 9 | 10-12 || total
-------------------------+-------+-------+-------+-------++-------
Melee: Dagger            |     5 |       |       |       ||     5
       Falchion          |    46 |    31 |       |       ||    77
       Broad axe         |       |     8 |    65 |       ||    73
       War axe           |       |       |    13 |       ||    13
       Scimitar          |       |       |       |    44 ||    44
 Cast: Sandblast         |    40 |    36 |   132 |    19 ||   227
       Stone Arrow       |       |       |    11 |     3 ||    14
       Passwall          |       |       |     7 |     1 ||     8
       Shock             |       |       |     5 |    16 ||    21
Evoke: Wand              |       |       |    21 |     6 ||    27
  Use: Scroll            |       |     2 |     7 |     2 ||    11
Armor: Robe              |    25 |    18 |       |       ||    43
       Ring mail         |       |     5 |    94 |    32 ||   131
Dodge: Dodged            |    36 |    30 |   128 |    20 ||   214
